 Dungeon Sprint DCSS version 0.21.1-1-g345015f (webtiles) character file.

618 rob the Covert (level 7, -5/163 HPs)
             Began as a Minotaur Wanderer on Mar 24, 2018.
             Was an Initiate of Makhleb.
             Slain by a centaur warrior (9 damage)
             ... in the Dungeon (Sprint I: "Red Sonja").
             The game lasted 00:06:55 (1130 turns).

rob the Covert (Minotaur Wanderer)                  Turns: 1130, Time: 00:06:56

Health: -5/163     AC: 23    Str: 22    XL:     7   Next: 21%
Magic:  2/2        EV:  2    Int: 11    God:    Makhleb [......]
Gold:   147        SH:  0    Dex:  9    Spells: 6/6 levels left

rFire    . . .     SeeInvis .   m - +0 scythe (antimagic)
rCold    . . .     Gourm    .   (shield currently unavailable)
rNeg     + + +     Faith    .   (armour currently unavailable)
rPois    +         Spirit   .   (helmet currently unavailable)
rElec    .         Reflect  .   (cloak currently unavailable)
rCorr    .         Harm     .   (gloves currently unavailable)
MR       .....     NoTele   +   (boots currently unavailable)
Stlth    ..........             (no amulet)
HPRegen  0.37/turn              (no ring)
MPRegen  0.08/turn              (no ring)

@: berserking, tree-form, very quick
A: (retaliatory headbutt)
a: Renounce Religion


You were in the Dungeon.
You worshipped Makhleb.
Makhleb was noncommittal.
You were hungry.
You were a tree.
You visited 1 branch You collected 297 gold pieces.
You spent 150 gold pieces at shops.

Inventory:

Hand Weapons
 a - a +2 spear
 e - a +0 dagger
 m - a +0 antimagic scythe (weapon)
Armour
 d - a +0 robe
 n - a cursed +0 chain mail (melded)
Wands
 h - a wand of polymorph (11)
Scrolls
 b - a scroll of teleportation
 l - a scroll of blinking
Potions
 i - a potion of haste
 j - 2 potions of magic
Comestibles
 f - a ration


   Skills:
 + Level 10.4 Fighting
 + Level 7.1 Polearms
 + Level 1.7 Armour
 + Level 4.1 Dodging
 + Level 10.7 Stealth
 + Level 1.0 Evocations


You had 6 spell levels left.
You didn't know any spells.

Dungeon Overview and Level Annotations

Branches:
Dungeon (1/1)

Altars:
Cheibriados
Dithmenos
Elyvilon
Fedhas
Gozag
Hepliaklqana
Kikubaaqudgha
Makhleb
Nemelex Xobeh
Okawaru
Qazlal
Ru
Sif Muna
Trog
Uskayaw
Vehumet
Wu Jian
Xom
Yredelemnul
Zin
The Shining One
Jiyva
Lugonu

Shops:
D [


Innate Abilities, Weirdness & Mutations

((You reflexively headbutt those who attack you in melee.))
((You have a pair of horns on your head.))


Message History

The centaur warrior is severely wounded.
The centaur warrior hits you but does no damage. x2
The centaur warrior hits you.
* * * LOW HITPOINT WARNING * * *
The centaur warrior hits you but does no damage. x2
You feel better.
The centaur warrior hits you but does no damage.
The centaur warrior hits you.
* * * LOW HITPOINT WARNING * * *
The centaur warrior hits you.
* * * LOW HITPOINT WARNING * * *
A red film seems to cover your vision as you go berserk!
You feel yourself moving faster!
You feel mighty!
The centaur warrior hits you but does no damage. x3
You are too berserk!
You closely miss the centaur warrior.
The centaur warrior is heavily wounded.
The centaur warrior hits you but does no damage.
The centaur warrior hits you!
You die...

################
#..').#.['..#__#
').#..'..#..'..+
#####'#####'#__####
####..#...#.####§§#
#__####..##.#(§§♣c#
#_____##'#_.'≈§§c§+
#_.∩...'..._#§≈§§§#
#_..__##_.#'##+####
#_____###+#(#
####### ###


You could see 2 centaur warriors.

Vanquished Creatures
  A slime creature (D)
  Sigmund (D)
  A yak (D)
  An ogre (D)
  A jelly (D)
  Ijyb (D)
6 creatures vanquished.

Vanquished Creatures (others)
  A gargoyle (D)
1 creature vanquished.

Grand Total: 7 creatures vanquished

Notes
Turn   | Place    | Note
-------+----------+-------------------------------------------
     0 | D        | rob the Minotaur Wanderer began the quest for the Orb.
     0 | D        | rob set off with: a +2 spear, a scroll of teleportation, a potion of lignification, a +0 robe, a +0 dagger, a ration, a potion of curing, a potion of heal wounds, a potion of haste, 2 potions of magic, a potion of berserk rage, a scroll of blinking
     0 | D        | Reached XP level 1. HP: 19/19 MP: 0/0
     1 | D        | Noticed Ijyb
    17 | D        | Killed Ijyb
    17 | D        | Reached skill level 5 in Fighting
    17 | D        | Reached skill level 1 in Polearms
    17 | D        | Reached skill level 5 in Stealth
    17 | D        | Reached XP level 2. HP: 19/29 MP: 1/1
   301 | D        | Noticed an ogre
   309 | D        | Killed an ogre
   309 | D        | Reached XP level 3. HP: 39/39 MP: 2/2
   309 | D        | Reached XP level 4. HP: 47/47 MP: 3/3
   318 | D        | Noticed Sigmund
   327 | D        | Killed Sigmund
   327 | D        | Reached XP level 5. HP: 44/56 MP: 0/4
   327 | D        | Reached XP level 6. HP: 48/62 MP: 0/5
   414 | D        | Found a burning altar of Makhleb.
   414 | D        | Found a viscous altar of Jiyva.
   414 | D        | Found a shimmering altar of Xom.
   414 | D        | Found a corrupted altar of Lugonu.
   414 | D        | Noticed a slime creature
   421 | D        | Killed a slime creature
   421 | D        | Reached skill level 5 in Polearms
   421 | D        | Reached skill level 10 in Stealth
   589 | D        | Killed a gargoyle
   634 | D        | Became a worshipper of Makhleb the Destroyer
   738 | D        | Found an ornate altar of the Wu Jian Council.
   738 | D        | Found a deep blue altar of Sif Muna.
   740 | D        | Found a radiant altar of Vehumet.
   747 | D        | Reached skill level 10 in Fighting
   753 | D        | Found Qeogoam's Antique Armour Emporium.
   753 | D        | Found an ancient bone altar of Kikubaaqudgha.
   753 | D        | Found a hazy altar of Hepliaklqana.
   753 | D        | Found a stormy altar of Qazlal.
   753 | D        | Found a hide-covered altar of Uskayaw.
   753 | D        | Found a blossoming altar of Fedhas.
   753 | D        | Found a bloodstained altar of Trog.
   753 | D        | Found an iron altar of Okawaru.
   753 | D        | Found a basalt altar of Yredelemnul.
   753 | D        | Found a glowing golden altar of the Shining One.
   753 | D        | Found a snail-covered altar of Cheibriados.
   753 | D        | Found a sacrificial altar of Ru.
   753 | D        | Found a glowing silver altar of Zin.
   753 | D        | Found a shadowy altar of Dithmenos.
   753 | D        | Found a white marble altar of Elyvilon.
   753 | D        | Noticed a yak
   758 | D        | Killed a yak
   758 | D        | Reached XP level 7. HP: 33/73 MP: 2/6
  1070 | D        | Found an opulent altar of Gozag.
  1091 | D        | Found a sparkling altar of Nemelex Xobeh.
  1095 | D        | Bought a glowing chain mail for 150 gold pieces
  1118 | D        | Noticed a centaur warrior
  1121 | D        | Noticed a centaur warrior
  1127 | D        | HP: 1/109 [centaur warrior (6)]
  1130 | D        | Slain by a centaur warrior

Skill      XL: |  1  2  3  4  5  6 |
---------------+-------------------+-----
Fighting       | 5 7 8 10 | 10.4
Polearms       | 1 2 4 7 |  7.1
Stealth        | 5 7 9 10 | 10.7
Dodging        | 2 3 4 |  4.1
Armour         | |  1.7
Evocations     | |  1.0

Action                   |  1- 3 |  4- 6 |  7- 9 || total
-------------------------+-------+-------+-------++-------
Melee: Spear             |    22 |     7 |       ||    29
       Headbutt          |     4 |     6 |       ||    10
       Scythe            |       |    11 |     4 ||    15
  Use: Potion            |       |     1 |     4 ||     5
 Stab: Sleeping          |       |     2 |       ||     2
Armor: Robe              |     1 |     1 |       ||     2
       Skin              |       |       |    18 ||    18
Dodge: Dodged            |    15 |     8 |     1 ||    24
